 Dungeon Crawl Stone Soup version 0.27.1-1-g398f81649c (console) character file.

Game seed: 1262517899949535590

117 us17 the Skirmisher (level 5, -1/46 HPs)
             Began as a Hill Orc Fighter on Sept 6, 2021.
             Succumbed to a water moccasin's poison
             ... on level 4 of the Dungeon.
             The game lasted 00:06:43 (3018 turns).

us17 the Skirmisher (Hill Orc Fighter)              Turns: 3018, Time: 00:06:44

Health: -1/46      AC:  8    Str: 20    XL:     5   Next: 1%
Magic:  5/5        EV:  7    Int:  8    God:
Gold:   96         SH:  9    Dex: 10    Spells: 4/4 levels left

rFire    . . .     SeeInvis .   a - +0 war axe
rCold    . . .     Faith    .   c - +0 kite shield
rNeg     . . .     Spirit   .   b - +0 scale mail
rPois    .         Reflect  .   (no helmet)
rElec    .         Harm     .   (no cloak)
rCorr    .         Rampage  .   j - +0 pair of gloves
Will     .....                  (no boots)
Stlth    ..........             (no amulet)
HPRegen  0.15/turn              (no ring)
MPRegen  0.09/turn              (no ring)

@: lethally poisoned (-1 -> -21)
A: no striking features
a: no special abilities


You were on level 4 of the Dungeon.
You visited 1 branch of the dungeon, and saw 4 of its levels.

You collected 96 gold pieces.

Inventory:

Hand Weapons
 a - a +0 war axe (weapon)
 e - the +3 executioner's axe "Uruxtuoghi" {antimagic, rPois Dex+4}
   (You acquired it on level 2 of the Dungeon)

   It reduces the magical energy of the wielder, and disrupts the spells and
   magical abilities of those it strikes.
   Natural abilities and divine invocations are not affected.
   Dex:       It affects your dexterity (+4).
   rPois:     It protects you from poison.
 h - a +0 hunting sling
Missiles
 i - 96 stones (quivered)
Armour
 b - a +0 scale mail (worn)
 c - a +0 kite shield (worn)
 j - a +0 pair of gloves (worn)
Jewellery
 g - an amulet of regeneration
Scrolls
 l - a scroll of torment {unknown}
Potions
 d - a potion of might
 f - 2 potions of curing
 k - a potion of resistance


   Skills:
 + Level 4.3 Fighting
 + Level 3.8(4.3) Axes
 * Level 2.5(3.3) Maces & Flails
 + Level 3.9 Armour
 + Level 3.7 Shields


You had 4 spell levels left.
You didn't know any spells.
Your spell library contained the following spells:

 Spells                   Type           Power      Damage    Failure   Level
 Corona                   Hex            0%         N/A       99%         1
 Sandblast                Erth           0%         2d4       99%         1
 Ensorcelled Hibernation  Hex/Ice        0%         N/A       100%        2
 Passwall                 Tmut/Erth      0%         N/A       100%        2
 Tukima's Dance           Hex            0%         N/A       100%        3
 Lee's Rapid Deconstruct  Erth           0%         3d5*      100%        5


Dungeon Overview and Level Annotations

Branches:
Dungeon (4/15)
 Temple: D:4-7

Altars:


Message History

You closely miss the scorpion.
The scorpion is heavily wounded.
You barely miss the howler monkey. You miss the water moccasin.
You block the scorpion's attack. You block the water moccasin's attack.
You block the howler monkey's attack. The scorpion barely misses you.
The water moccasin bites you!
Your shield prevents you from hitting the scorpion.
The scorpion is heavily wounded.
You closely miss the water moccasin. You slash the howler monkey!
The howler monkey hoots and howls with incredible vigour!
The water moccasin bites you but does no damage.
The scorpion completely misses you. The howler monkey hits you.
The water moccasin barely misses you. The scorpion barely misses you.
You hear a bark!
You hear an angry hiss.
You closely miss the scorpion.
The scorpion is heavily wounded.
You barely miss the howler monkey. You hit the water moccasin.
You block the howler monkey's attack. The water moccasin bites you.
You are poisoned.
The water moccasin poisons you!
The scorpion stings you but does no damage.
The howler monkey barely misses you. The water moccasin bites you.
You are lethally poisoned!
The water moccasin poisons you!
You barely miss the scorpion.
The scorpion is heavily wounded.
You hit the howler monkey. You hit the water moccasin.
* * * LOW HITPOINT WARNING * * *
You feel extremely sick. You block the scorpion's attack.
You block the water moccasin's attack. The howler monkey hits you.
* * * LOW HITPOINT WARNING * * *
The scorpion closely misses you. The water moccasin barely misses you.
The howler monkey hits you but does no damage.
Unknown command.
Unknown command.
You closely miss the howler monkey.
The howler monkey is severely wounded.
You closely miss the scorpion. You closely miss the water moccasin.
You die...

#.##. #.##. #.##. #.##.
# #.##. #!
###########.##. ##.##.#
#..$........##.
.......###$######.......
#h@s...............
#...S###.######.#####.
#.... ....# #.# #.
#.#.####..# #.# #. # #.
#..# #.# #. #. #..# #.#
#. ? #..# #.# #. . ...#
#.# #. #.


You could see a water moccasin, a scorpion and a howler monkey.

Vanquished Creatures
  An iguana (D:2)
  2 adders
  An adder skeleton (D:4)
  2 worms
  2 dart slugs (D:1)
  An orc (D:3)
  5 ball pythons
  4 bats
  2 endoplasms
  2 giant cockroaches (D:3)
  9 goblins
  6 hobgoblins
  2 jackals (D:2)
  4 quokkas
  7 frilled lizards
  5 kobolds
  4 rats
59 creatures vanquished.

Notes
Turn   | Place    | Note
-------+----------+-------------------------------------------
     0 | D:1      | us17 the Hill Orc Fighter began the quest for the Orb.
     0 | D:1      | Reached XP level 1. HP: 19/19 MP: 1/1
   185 | D:1      | Reached XP level 2. HP: 27/27 MP: 2/2
   419 | D:1      | Reached skill level 4 in Fighting
   562 | D:1      | Reached skill level 1 in Maces & Flails
   570 | D:1      | Reached XP level 3. HP: 28/33 MP: 3/3
  1290 | D:2      | Reached XP level 4. HP: 29/40 MP: 4/4
  1869 | D:2      | Identified a scroll of acquirement
  1869 | D:2      | Acquired the +3 executioner's axe "Uruxtuoghi" {antimagic,
                  | rPois Dex+4}
  2380 | D:3      | Found a faded altar of an unknown god.
  2991 | D:4      | Reached XP level 5. HP: 46/46 MP: 5/5
  3009 | D:4      | Noticed a water moccasin
  3018 | D:4      | Succumbed to a water moccasin's poison

Illustrated notes

Levels and vault maps discovered:
D:1:      lemuel_arrival_lava_pool, layout_basic
D:2:      layout_loops_ring, minmay_misc_feat_iff
D:3:      layout_loops_ring, hellmonk_ecumenical_altar_leap_of_faith,
          chequers_serial_rivers_small_3
D:4:      layout_loops_ring

Skill      XL: |  1  2  3  4 |
---------------+-------------+-----
Axes           | 3 |  3.8
Fighting       | 4 |  4.3
Maces & Flails | 1 2 |  2.5
Armour         | |  3.9
Shields        | |  3.7

Action                   |  1- 3 |  4- 6 || total
-------------------------+-------+-------++-------
Melee: War axe           |    75 |   113 ||   188
  Use: Scroll            |       |     4 ||     4
Armor: Scale mail        |    34 |    43 ||    77
Dodge: Dodged            |    25 |    33 ||    58
Block: Kite shield       |    58 |    80 ||   138
